 Dungeon Crawl Stone Soup version 0.29.0-4-gdea44cf6ec (webtiles) character file.

Game seed: 17430928166766848976

40 sanka the Ducker (level 3, -5/20 HPs)
             Began as a Deep Elf Gladiator on Aug 27, 2022.
             Slain by Natasha (6 damage)
             ... on level 2 of the Dungeon.
             The game lasted 00:01:17 (1436 turns).

sanka the Ducker (Deep Elf Gladiator)               Turns: 1436, Time: 00:01:18

Health: -5/20      AC:  5    Str: 11    XL:     3   Next: 30%
Magic:  5/5        EV: 14    Int: 14    God:
Gold:   71         SH:  0    Dex: 16    Spells: 2/2 levels left

rFire   . . .      SeeInvis .   a - +0 quarterstaff
rCold   . . .      Faith    .   (shield currently unavailable)
rNeg    . . .      Spirit   .   b - +0 leather armour
rPois   .          Reflect  .   c - +0 helmet
rElec   .          Harm     .   (no cloak)
rCorr   .          Rampage  .   (no gloves)
Will    .....                   f - +0 pair of boots
Stlth   +.........              (no amulet)
HPRegen 0.06/turn               (no ring)
MPRegen 0.09/turn               (no ring)

@: no status effects
A: no striking features
a: no special abilities


You were on level 2 of the Dungeon.
You visited 1 branch of the dungeon, and saw 2 of its levels.

You collected 71 gold pieces.


   Skills:
 - Level 1.5 Fighting
 - Level 3.0 Staves
 - Level 2.0 Throwing
 + Level 5.4 Dodging


You had 2 spell levels left.
You didn't know any spells.
Your spell library was empty.

Inventory:

Hand Weapons
 a - a +0 quarterstaff (weapon)
Missiles
 d - 3 throwing nets (quivered) {=f}
 e - a javelin
 m - 4 poisoned darts
Armour
 b - a +0 leather armour (worn)
 c - a +0 helmet (worn)
 f - a +0 pair of boots (worn)
Scrolls
 g - 3 scrolls of identify {unknown}
 l - a scroll of blinking {unknown}
 n - a scroll of acquirement {unknown}
 o - a scroll of poison {unknown}
Potions
 h - a potion of flight {unknown}
 i - a potion of might {unknown}
 j - a potion of attraction {unknown}
 k - a potion of ambrosia {unknown}
 p - a potion of heal wounds {unknown}
 q - a potion of haste {unknown}

Dungeon Overview and Level Annotations

Branches:
Dungeon (2/15)

Altars:

Annotations:
D:2 Natasha

▒.▒...... ▒........ ▒........
▒........ ▒........ ▒........
▒▒▒▒▒▒.h.....£ ▒.....e5r.....
▒............. ▒.......£.▒...
▒........!▒ ▒
▒.........▒▒▒▒▒▒▒▒ ..
▒▒▒▒▒▒▒................. ..
......................▒ ..
.?....................▒▒▒▒▒▒▒
.............................


You could see Natasha, a white imp (summoned) and a rat.


Message History

Natasha casts a spell.
A rat comes into view.
Found 12 gold pieces.
Natasha claws you. The white imp gestures at you. The puff of frost hits you!
Ouch! That really hurt!
* * * LOW HITPOINT WARNING * * *
You hit Natasha.
Natasha is moderately wounded.
Natasha barely misses you. The white imp closely misses you.
Unknown command.
You hit Natasha but do no damage.
Natasha is moderately wounded.
Natasha extends her claws.
Natasha completely misses you. The white imp hits you.
* * * LOW HITPOINT WARNING * * *
The white imp freezes you.
* * * LOW HITPOINT WARNING * * *
You miss Natasha.
Natasha is moderately wounded.
Natasha barely misses you. The white imp barely misses you.
Unknown command.
You completely miss Natasha.
Natasha is moderately wounded.
Natasha claws you.
You die...

Action                   || total
-------------------------++-------
Melee: Quarterstaff      ||    95
 Stab: Sleeping          ||     2
Armor: Leather armour    ||    30
Dodge: Dodged            ||    70

Levels and vault maps discovered:
D:1:      beargit_arrival_diablo_church, layout_loops_ring
D:2:      layout_basic, dreamdust_ecumenical_altar_drowned_temple, uniq_terence,
          uniq_natasha

Notes
Turn   | Place    | Note
-------+----------+-------------------------------------------
     0 | D:1      | sanka the Deep Elf Gladiator began the quest for the Orb.
     0 | D:1      | Reached XP level 1. HP: 12/12 MP: 3/3
    70 | D:1      | Reached skill level 4 in Dodging
   182 | D:1      | Reached XP level 2. HP: 12/16 MP: 4/4
   695 | D:1      | Reached skill level 5 in Dodging
   741 | D:1      | Reached XP level 3. HP: 20/20 MP: 5/5
  1428 | D:2      | Noticed Natasha
  1434 | D:2      | HP: 1/20 [white imp[Natasha] (3)]
  1436 | D:2      | Slain by Natasha

Vanquished Creatures
  A worm (D:2)
  A dart slug (D:1)
  2 ball pythons (D:1)
  6 endoplasms (D:1)
  2 giant cockroaches (D:1)
  2 goblins (D:1)
  3 hobgoblins
  3 kobolds
  A quokka (D:1)
  5 bats
  3 frilled lizards (D:1)
  3 rats
32 creatures vanquished.
